 Dungeon Crawl Stone Soup version 0.30.1-4-g462c640d31 (webtiles) character file.

Game seed: 15660985446129201502

2133 AccursedSamuel the Cruncher (level 9, -6/55 HPs)
             Began as a Tengu Monk on Sept 12, 2023.
             Was a High Priest of Nemelex Xobeh.
             Mangled by a yak (12 damage)
             ... on level 6 of the Dungeon.
             The game lasted 00:19:39 (5494 turns).

AccursedSamuel the Cruncher (Tengu Monk)            Turns: 5494, Time: 00:19:40

Health: -6/55      AC: 19    Str: 16    XL:     9   Next: 30%
Magic:  10/10      EV: 11    Int: 11    God:    Nemelex Xobeh [*****.]
Gold:   456        SH:  0    Dex: 19    Spells: 8/8 levels left

rFire   . . .        l - +3 quarterstaff (chaos)
rCold   . . .        (shield currently unavailable)
rNeg    . . .        f - +6 chain mail "Vukidyc" {Str+3 Slay+3}
rPois   .            (helmet restricted)
rElec   .            (no cloak)
rCorr   .            (no gloves)
SInv    .            (boots unavailable)
Will    .....        (no amulet) Stlth
                     k - +4 ring of protection
HPRegen 0.29/turn    (no ring)
MPRegen 0.12/turn

%: no passive effects
@: flying quickly and evasively, quick
A: beak, talons 3, nimble flight
a: Renounce Religion, Draw Escape, Draw Destruction, Draw Summoning, Triple
Draw, Deal Four, Stack Five


You were on level 6 of the Dungeon.
You worshipped Nemelex Xobeh.
Nemelex Xobeh was extremely pleased with you.
You visited 1 branch of the dungeon, and saw 6 of its levels.

You collected 456 gold pieces.

Inventory:

Hand Weapons
 h - a +0 scythe of holy wrath
 l - a +3 quarterstaff of chaos (weapon)
 o - a +2 dagger of flaming
Armour
 b - a +1 robe
 d - an orb of light
 f - the +6 chain mail "Vukidyc" (worn) {Str+3 Slay+3}
   (You acquired it on level 1 of the Dungeon)

   Str:       It affects your strength (+3).
   Slay:      It affects your accuracy & damage with ranged weapons and melee
   (+3).
 m - a +2 cloak
Jewellery
 k - a +4 ring of protection (left hand)
Wands
 n - a wand of iceblast (1)
Scrolls
 a - a scroll of blinking
 g - 6 scrolls of teleportation
 p - 3 scrolls of identify
 s - a scroll of enchant armour
Potions
 c - a potion of haste
 e - a potion of berserk rage {unknown}
 i - 3 potions of flight
 j - a potion of magic
 q - a potion of lignification


   Skills:
 + Level 5.8 Fighting
 + Level 3.2 Long Blades
 + Level 4.1 Axes
 + Level 8.5 Staves
 + Level 5.3 Armour
 + Level 4.8 Dodging
 + Level 2.1 Stealth


You had 8 spell levels left.
You didn't know any spells.
Your spell library contained the following spells:

 Spells                   Type           Power      Damage    Failure   Level
 Cigotuvi's Dreadful Rot  Necr/Pois/Air  0%         N/A       99%         2
 Lesser Beckoning         Tloc           0%         N/A       99%         2
 Gell's Gravitas          Tloc           0%         N/A       100%        3
 Ignite Poison            Fire/Tmut/Pois 0%         N/A       100%        3
 Teleport Other           Tloc           0%         N/A       100%        3
 Dispel Undead            Necr           0%         3d6       100%        4
 Sticky Flame             Conj/Fire      0%         2d3       100%        4
 Death Channel            Necr           0%         N/A       100%        6
 Ignition                 Fire           0%         3d3       100%        8


Dungeon Overview and Level Annotations

Branches:
Dungeon (6/15)
 Temple: D:4-7

Altars:
Elyvilon
Nemelex Xobeh
Ru
Wu Jian


Innate Abilities, Weirdness & Mutations

You have a beak for a mouth.
You have claws for feet.
Your magical nature lets you fly swiftly and evasively.


Message History

You sock the yak!
The yak is poisoned.
Your kick misses the yak.
The yak is moderately wounded.
The yak closely misses you.
You hit the yak.
The yak goes berserk!
The yak is heavily wounded.
The yak gores you but does no damage.
You closely miss the yak.
The yak is heavily wounded.
The yak gores you.
You hit the yak.
The yak looks as sick as possible!
You claw the yak.
The yak is heavily wounded.
The yak gores you. The yak gores you but does no damage. The yak gores you!
The yak gores you! The yak barely misses you.
The yak gores you but does no damage.
You hit the yak.
The yak resists with some effort.
Your kick misses the yak.
The yak is almost dead.
The yak gores you!
* * * LOW HITPOINT WARNING * * *
The yak closely misses you.
You hit the yak. You drain the yak. Your kick misses the yak. You peck the yak.
The yak is almost dead.
The yak closely misses you.
You thump the yak!
You kill the yak!
You sock the yak! Lightning courses through the yak! You claw the yak.
The yak is severely wounded.
You barely miss the yak. You claw the yak!
The yak is almost dead.
The yak gores you but does no damage.
You hit the yak.
You kill the yak!
You sock the yak!
The yak is moderately wounded.
The yak gores you!
* * * LOW HITPOINT WARNING * * *
You thump the yak! You freeze the yak. You claw the yak, but do no damage.
The yak is heavily wounded.
The yak gores you!
You die...
Your body glows slightly and disappears.

....≈.......≈≈≈ #.#
#.........≈≈..... #.# ..#
#...≈...≈≈..≈..≈≈ #.# ...#
...#≈≈[....≈≈≈### ##.# ....
...................... ....
#...# #..#.#.##.# ####..###
#...###..#.#.##.. .......#
####............##..
#..#.#####.Y@........#.#.....
#..........##................
#..#.##....# #......##.#.####
## #.#####.###...............
#........[.......##.#.####
###.....###.##..###.#.##.#
#.###.# #...?.# #.#.##.# #
#.###.##..###.#.##.#
#.............#.....


You could see a yak.

Vanquished Creatures
  The ghost of rvierbuc the Cudgeller, a novice DsGl (D:6)
  Sigmund (D:4)
  2 yaks (D:6)
  Edmund (D:5)
  A centaur (D:6)
  2 ogres
  2 scorpions
  2 wights (D:6)
  2 hounds
  3 quasits (D:5)
  Crazy Yiuf (D:2)
  3 orc priests
  4 iguanas
  Jessica (D:2)
  A sleepcap (D:5)
  Ijyb (D:4)
  3 gnolls (D:6)
  3 adders
  4 shadow imps
  2 white imps (D:5)
  6 ufetubi
  A worm (D:4)
  4 dart slugs
  11 orcs
  6 ball pythons
  9 endoplasms
  2 giant cockroaches (D:2)
  8 goblins
  9 hobgoblins
  6 kobolds
  6 quokkas
  3 bats
  7 frilled lizards
  8 rats
  A spectral kobold (D:2)
127 creatures vanquished.

Vanquished Creatures (others)
  A scorpion zombie (D:5)
1 creature vanquished.

Grand Total: 128 creatures vanquished

Notes
Turn   | Place    | Note
-------+----------+-------------------------------------------
     0 | D:1      | AccursedSamuel the Tengu Monk began the quest for the Orb.
     0 | D:1      | Reached XP level 1. HP: 14/14 MP: 2/2
   121 | D:1      | Reached XP level 2. HP: 17/19 MP: 3/3
   487 | D:1      | Identified a scroll of acquirement
   487 | D:1      | Acquired the +6 chain mail "Vukidyc" {Str+3 Slay+3}
   523 | D:1      | Reached XP level 3. HP: 21/23 MP: 4/4
  1079 | D:2      | Found a faded altar of an unknown god.
  1110 | D:2      | Prayed at the altar of an unknown god.
  1110 | D:2      | Became a worshipper of Nemelex Xobeh the Trickster
  1110 | D:2      | Reached * piety under Nemelex Xobeh
  1110 | D:2      | Received a gift from Nemelex Xobeh
  1110 | D:2      | Reached ** piety under Nemelex Xobeh
  1110 | D:2      | Received a gift from Nemelex Xobeh
  1372 | D:2      | Reached *** piety under Nemelex Xobeh
  1377 | D:2      | Noticed Jessica
  1403 | D:2      | Killed Jessica
  1404 | D:2      | Reached skill level 1 in Long Blades
  1404 | D:2      | Reached XP level 4. HP: 22/29 MP: 5/5
  1676 | D:2      | Found a runed translucent door.
  1677 | D:2      | Noticed Crazy Yiuf
  1690 | D:2      | Killed Crazy Yiuf
  1691 | D:2      | Gained mutation: Your magical nature lets you fly swiftly
                  | and evasively. [Tengu growth]
  1691 | D:2      | Reached XP level 5. HP: 31/33 MP: 6/6
  1767 | D:3      | Found an ornate altar of the Wu Jian Council.
  1902 | D:3      | Received a gift from Nemelex Xobeh
  1919 | D:3      | Reached skill level 1 in Armour
  2168 | D:3      | Reached **** piety under Nemelex Xobeh
  2636 | D:4      | Reached skill level 1 in Staves
  2636 | D:4      | Reached XP level 6. HP: 36/38 MP: 7/7
  2669 | D:4      | Received a gift from Nemelex Xobeh
  2835 | D:4      | Reached skill level 2 in Staves
  3084 | D:4      | Noticed Sigmund
  3090 | D:4      | Killed Sigmund
  3091 | D:4      | Reached skill level 4 in Staves
  3091 | D:4      | Reached XP level 7. HP: 44/44 MP: 8/8
  3103 | D:4      | Noticed Ijyb
  3109 | D:4      | Killed Ijyb
  3744 | D:5      | Entered Level 5 of the Dungeon
  3748 | D:5      | Reached skill level 1 in Stealth
  3810 | D:5      | Found a white marble altar of Elyvilon.
  3826 | D:5      | Found a sacrificial altar of Ru.
  3888 | D:5      | Reached skill level 5 in Staves
  3888 | D:5      | Reached XP level 8. HP: 22/48 MP: 9/9
  4016 | D:5      | Received a gift from Nemelex Xobeh
  4237 | D:5      | Noticed Edmund
  4244 | D:5      | Killed Edmund
  4245 | D:5      | Reached skill level 6 in Staves
  4345 | D:5      | Reached skill level 5 in Fighting
  5039 | D:6      | Reached ***** piety under Nemelex Xobeh
  5121 | D:6      | Found a runed translucent gate.
  5121 | D:6      | Found a runed translucent gate.
  5121 | D:6      | Found a runed translucent gate.
  5122 | D:6      | Noticed rvierbuc's ghost (novice DsGl)
  5224 | D:6      | Killed rvierbuc's ghost
  5225 | D:6      | Reached skill level 7 in Staves
  5225 | D:6      | Reached XP level 9. HP: 49/54 MP: 10/10
  5283 | D:6      | Reached skill level 5 in Armour
  5346 | D:6      | Reached skill level 8 in Staves
  5494 | D:6      | Mangled by a yak

Illustrated notes

Levels and vault maps discovered:
D:1:      minmay_arrival_pointy, layout_loops_ring, minmay_gold_behind_fungi
D:2:      layout_basic, dreamdust_ecumenical_altar_drowned_temple,
          hangedman_decor_clover_reticule, fountainhead,
          uniq_crazy_yiuf_cottage, uniq_jessica
D:3:      layout_loops_ring, general_overflow_altar, serial_bayou_pond_d
D:4:      layout_basic, nicolae_eternal_life, uniq_ijyb, uniq_sigmund
D:5:      layout_layer_cave, mainiacjoe_overflow_small_starburst,
          elyvilon_altar_1, serial_demonic, serial_demonic_e, serial_demonic_b,
          serial_demonic_e, serial_demonic_a, serial_demonic_e,
          serial_demonic_e, serial_demonic_g, serial_demonic_a,
          serial_demonic_d, serial_demonic_g, uniq_edmund
D:6:      layout_basic, nicolae_uskayaw_suspiria, ebering_ghost_rock_garden,
          minivault_22, uniq_menkaure

Skill      XL: |  1  2  3  4  5  6  7  8  9 |
---------------+----------------------------+-----
Long Blades    | 1 3 |  3.2
Dodging        | 4 |  4.8
Axes           | 4 |  4.1
Armour         | 1 2 3 4 5 |  5.3
Staves         | 1 4 5 7 8 |  8.5
Fighting       | 4 5 |  5.8
Stealth        | 1 2 |  2.1

Action                     |  1- 3 |  4- 6 |  7- 9 || total
---------------------------+-------+-------+-------++-------
  Melee: Hand axe          |    38 |       |       ||    38
         Kick              |    14 |    15 |    33 ||    62
         Peck              |     6 |    10 |    22 ||    38
         Long sword        |    23 |    17 |       ||    40
         Quarterstaff      |       |    59 |   104 ||   163
    Use: Scroll            |     5 |     3 |     1 ||     9
         Potion            |     2 |     3 |     4 ||     9
 Armour: Robe              |     7 |       |       ||     7
         Chain mail        |    24 |    50 |    69 ||   143
  Dodge: Dodged            |    36 |    30 |    64 ||   130
